AoeStats
← Malik Bhai

Golden Pit

509526062Analyzed
1v1 RM · 5d ago on Sep 27, 2026· 41m 7s· 2 players
Game mode
Random Map
Map size
Tiny (2 player)
Population
200
Speed
Normal
Resources
Standard
Victory
Conquest
Starting age
Dark Age
Ending age
Imperial Age
RankedLock teamsTeams togetherTeam positionsShared explorationLock speedFull tech treeHidden civsTurbo modeCheats
Victory
Defeat
🇵🇰 Celts · Pakistan
1658
+13
🇲🇽 Romans · Mexico
1588
-13
Bionicman
6:17 Loom
9:15 Feudal Age
9:46 Double-Bit Axe
14:35 Fletching
21:01 Wheelbarrow
23:49 Castle Age
21:50 Horse Collar
22:30 Gold Mining
22:56 Scale Mail Armor
31:56 Forging
32:29 Bow Saw
33:39 Heavy Plow
38:54 Imperial Age
37:27 Scale Barding Armor
37:47 Stone Mining
39:16 Light Cavalry
39:57 Padded Archer Armor
Malik Bhai
6:32 Loom
8:55 Feudal Age
8:58 Man-at-Arms
12:27 Fletching
14:28 Double-Bit Axe
17:06 Padded Archer Armor
21:43 Castle Age
20:55 Horse Collar
23:05 Bodkin Arrow
22:40 Elite Skirmisher
33:16 Wheelbarrow
37:43 Imperial Age
35:29 Bow Saw
35:46 Heavy Plow
36:27 Scale Mail Armor
36:38 Forging
37:19 Hand Cart
38:42 Chain Mail Armor
39:26 Iron Casting
40:04 Plate Mail Armor
40:36 Hoardings
42:09 Blast Furnace
Connection lost

Rejoining the realm…

Still unreachable

The connection could not be restored.

Session expired

The server has moved on; the page needs a fresh start.